 Dungeon Crawl Stone Soup version 0.26-a0-597-gb535b0901c (webtiles) character file.

Game seed: 11786190685825621200

25 Flugslaktarn the Chopper (level 2, -4/28 HPs)
             Began as a Deep Dwarf Monk on Sept 15, 2020.
             Slain by a gnoll
             ... wielding a +0 halberd
              (9 damage)
             ... on level 2 of the Dungeon.
             The game lasted 00:00:25 (404 turns).

Flugslaktarn the Chopper (Deep Dwarf Monk)           Turns: 404, Time: 00:00:26

Health: -4/28      AC:  2    Str: 14    XL:     2   Next: 86%
Magic:  2/2        EV: 13    Int: 10    God:
Gold:   28         SH:  0    Dex: 15    Spells: 1/1 levels left

rFire    . . .     SeeInvis .   a - +0 hand axe
rCold    . . .     Faith    .   (no shield)
rNeg     . . .     Spirit   .   b - +0 robe
rPois    .         Reflect  .   (no helmet)
rElec    .         Harm     .   (no cloak)
rCorr    .                      (no gloves)
MR       .....                  (no boots)
Stlth    ++........             (no amulet)
HPRegen  0.00/turn              (no ring)
MPRegen  0.08/turn              (no ring)

@: non-regenerating
A: damage resistance, heal wounds, sense surroundings 1, no regeneration
a: Heal Wounds


You were on level 2 of the Dungeon.
You visited 1 branch of the dungeon, and saw 2 of its levels.

You collected 28 gold pieces.

Inventory:

Hand Weapons
 a - a +0 hand axe (weapon)
Armour
 b - a +0 robe (worn)
Jewellery
 c - an uncursed amulet of magic regeneration {unknown}
   (You found it on level 1 of the Dungeon)
 f - a +6 ring of dexterity {unknown}
   (You found it on level 1 of the Dungeon)
Scrolls
 d - a scroll of noise {unknown}
 g - 2 scrolls of identify {unknown}
 h - a scroll of enchant weapon {unknown}
 i - a scroll of teleportation {unknown}
 j - 2 scrolls of remove curse {unknown}
Potions
 e - a potion of curing {unknown}


   Skills:
 + Level 3.0 Fighting
 + Level 3.7 Axes
 + Level 1.4 Armour
 - Level 3.2 Dodging
 - Level 2.4 Stealth


You had one spell level left.
You didn't know any spells.
Your spell library was empty.

Dungeon Overview and Level Annotations

Branches:
Dungeon (2/15)

Altars:
Nemelex Xobeh


Innate Abilities, Weirdness & Mutations

You are resistant to damage.
You can heal yourself by infusing magical energy.
You passively map a small area around you.
You do not regenerate.


Message History

A gnoll comes into view. It is wielding a +0 halberd.
The gnoll closely misses you.
The gnoll shouts!
You hit the gnoll.
The gnoll is heavily wounded.
You barely miss the giant cockroach.
The giant cockroach bites you but does no damage.
The gnoll hits you! The giant cockroach closely misses you.
You barely miss the gnoll.
The gnoll is heavily wounded.
You hit the giant cockroach but do no damage.
The giant cockroach bites you but does no damage.
The gnoll barely misses you.
The gnoll hits you from afar with a +0 halberd!
* * * LOW HITPOINT WARNING * * *
There are monsters nearby!
You are too injured to fight recklessly!
The leopard gecko bites you.
The gnoll hits you from afar with a +0 halberd!
You die...

* ... , #...##. *
.......* *
....... , ,#
....... * .#
.......####=$#
......gl.....#
....#..#@##..#
?......s.....# *
.#####.†..#### *
.#####....# * *
..........#
#######...# , * *
#...# ,, * *
#...#
.#######...######
*


You could see a gnoll, a leopard gecko and a giant cockroach.

Vanquished Creatures
  2 dart slugs (D:1)
  A giant cockroach (D:1)
  2 hobgoblins
  6 jackals
  A bat (D:1)
  A frilled lizard (D:1)
  2 goblins (D:1)
  3 kobolds (D:1)
  3 rats (D:1)
21 creatures vanquished.

Vanquished Creatures (others)
  A bat (D:2)
1 creature vanquished.

Grand Total: 22 creatures vanquished

Notes
Turn   | Place    | Note
-------+----------+-------------------------------------------
     0 | D:1      | Flugslaktarn the Deep Dwarf Monk began the quest for the
                  | Orb.
     0 | D:1      | Reached XP level 1. HP: 20/20 MP: 1/1
    75 | D:1      | Reached XP level 2. HP: 14/27 MP: 2/2
    81 | D:1      | Reached skill level 1 in Armour
   184 | D:1      | Found a sparkling altar of Nemelex Xobeh.
   404 | D:2      | Slain by a gnoll

Illustrated notes

Levels and vault maps discovered:
D:1:      lemuel_arrival_lava_pool, layout_rooms, nemelex_altar_shiori
D:2:      layout_loops_cross, lemuel_flame_loot_1

Skill      XL: |  1  2 |
---------------+-------+-----
Armour         | 1 |  1.4
Fighting       | 3 |  3.0
Axes           | |  3.7
Dodging        | |  3.2
Stealth        | |  2.4

Action                   || total
-------------------------++-------
Melee: Hand axe          ||    63
 Abil: Heal Wounds       ||     1
 Stab: Sleeping          ||     1
       Distracted        ||     1
Armor: Robe              ||    12
Dodge: Dodged            ||    59

Table legend: (Time is in decaauts)
 A = Elapsed time spent in this place.
 B = Non-inter-level travel time spent in this place.
 C = Inter-level travel time spent in this place.
 D = Time resting spent in this place.
 E = Time spent auto-exploring this place.
 F = Levels seen in this place.
 G = Mean time per level.
                   A        B        C        D        E       F      G
               +--------+--------+--------+--------+--------+-----+--------+
         Total |    411 |    395 |     16 |      0 |    259 |   2 |  205.5 |
       Dungeon |    411 |    395 |     16 |      0 |    259 |   2 |  205.5 |
               +--------+--------+--------+--------+--------+-----+--------+

Top non-repeatable levels by time:
     D:1: 385 daAuts
     D:2: 25 daAuts
